 Dungeon Crawl Stone Soup version 0.31-a0-1074-g0b22e4e0f1 (webtiles) character file.

Game seed: 10962497177715653695

158 Pflapjack the Ducker (level 5, 0/24 HPs)
             Began as a Felid Berserker on Dec 5, 2023.
             Was a Priest of Trog.
             Slain by an orc
             ... wielding a +0 flail
              (8 damage)
             ... on level 5 of the Dungeon.
             The game lasted 00:14:23 (1231 turns).

Pflapjack the Ducker (Felid Berserker)              Turns: 1231, Time: 00:14:24

Health: 0/24       AC:  1    Str: 15    XL:     5   Next: 16%
Magic:  6/6        EV: 19    Int:  9    God:    Trog [***...]
Gold:   182        SH:  0    Dex: 15    Spells: 4/4 levels left
                                        Lives:  0   Deaths: 2

rFire   . .          .
                       - Unarmed
rCold   . . .        (shield unavailable)
rNeg    . . .        (body armour unavailable)
rPois   .            (helmet unavailable)
rElec   .            (cloak unavailable)
rCorr   .            (gloves unavailable)
SInv    +            (boots unavailable)
Will    .....        (no amulet)
Stlth   ++           (no ring)
HPRegen 0.24/turn    (no ring)
MPRegen 0.10/turn

%: no passive effects
@: quick
A: very small, claws 1, fangs 3, see invisible, speed 1, shaggy fur 1, stealthy
paws, no weapons or thrown items, no armour, multi-lived
a: Renounce Religion, Berserk, Trog's Hand


You were on level 5 of the Dungeon.
You worshipped Trog.
Trog was most pleased with you.
You visited 1 branch of the dungeon, and saw 5 of its levels.

You collected 182 gold pieces.

Inventory:

Hand Weapons
 c - a +0 club
 f - a +0 hand axe
 g - a +0 dagger
 k - a +0 short sword of venom
 l - a +0 spear
 o - a +0 short sword
 q - a +0 mace
 r - a +0 war axe
 x - a +0 dagger
 y - a +0 dagger
 B - a +0 club
 C - a +0 flail
 D - a +0 flail
Missiles
 i - 18 stones
 z - 3 poisoned darts
Armour
 b - a +0 ring mail
 m - a +0 ring mail
 p - a +0 leather armour
 u - a +0 robe
 A - a +0 pair of gloves
Magical Staves
 h - a staff of conjuration
Scrolls
 d - a scroll of identify {unknown}
 e - 2 scrolls of summoning (quivered) {unknown}
 j - a scroll of revelation {unknown}
 s - 3 scrolls of fog {unknown}
 t - 3 scrolls of poison {unknown}
Potions
 a - 2 potions of degeneration
 n - a potion of invisibility {unknown}
 v - a potion of lignification {unknown}
 w - 2 potions of curing {unknown}


   Skills:
 + Level 3.4 Fighting
 + Level 5.4 Dodging
 + Level 0.4 Stealth
 + Level 4.9 Unarmed Combat


You had 4 spell levels left.
You didn't know any spells.
Your spell library contained the following spells:

 Spells                   Type           Power      Damage    Failure   Level
 Foxfire                  Conj/Fire      0%         2x1d4     38%         1
 Blink                    Tloc           0%         N/A       52%         2
 Lesser Beckoning         Tloc           0%         N/A       52%         2
 Momentum Strike          Conj/Tloc      0%         3d8       52%         2
 Plasma Beam              Fire/Air       0%         2x1d10    100%        6
 Starburst                Conj/Fire      0%         6d3       100%        6


Dungeon Overview and Level Annotations

Branches:
Dungeon (5/15)             Temple (0/1) D:5

Altars:
Ashenzari


Innate Abilities, Weirdness & Mutations

You have sharp claws.
You have razor-sharp teeth.
You have supernaturally acute eyesight. (SInv)
You cover ground quickly. (Speed+)
You are covered in fur. (AC +1)
Your paws help you pounce on unaware monsters.
You are incapable of wielding weapons or throwing items.
You cannot wear armour.
You gain extra lives every three experience levels.


Message History

An orc wizard comes into view.
It is wielding a +0 dagger and wearing a +2 robe of fire resistance.
An orc and an adder come into view.
Found 4 stones.
The orc priest shouts!
You hear a bark!
The water moccasin closely misses you. The water moccasin misses you.
You scratch the water moccasin.
The water moccasin is moderately wounded.
The water moccasin bites you.
You scratch the water moccasin.
The water moccasin is moderately wounded.
The water moccasin misses you.
You claw the water moccasin!
The water moccasin is severely wounded.
The water moccasin completely misses you.
The adder misses you.
You scratch the water moccasin.
The water moccasin is almost dead.
The water moccasin bites you.
The orc wizard hits you with a +0 dagger.
The adder bites you. The water moccasin closely misses you.
You barely miss the water moccasin.
The water moccasin is almost dead.
The adder barely misses you.
The orc priest looks braver for a moment.
The orc wizard closely misses you. The water moccasin bites you.
The adder closely misses you.
You barely miss the water moccasin.
You claw the water moccasin, but do no damage.
Your bite misses the water moccasin.
The water moccasin is almost dead.
The water moccasin misses you. The adder closely misses you.
You scratch the water moccasin.
The water moccasin is almost dead.
The water moccasin completely misses you.
The orc wizard misses you. The adder completely misses you.
The water moccasin closely misses you.
You closely miss the water moccasin.
The water moccasin is almost dead.
The adder closely misses you. The orc hits you with a +0 flail!
You die...

...# ##..... #........
...# #..#..###..........
...###..##..##..........
...#...##..#............
.#.....##...............
#....................o..
####.............o..o.(.
#................S......
.#..............@S......
................oo......
........................
........................
.................#......
.##.###....###..##......
#.## ##.# ###.#. ##. .#


You could see a water moccasin, 2 orc priests, an orc wizard, an adder and 2
orcs.

Vanquished Creatures
  An iguana (D:5)
  3 gnolls (D:5)
  5 adders
  A worm (D:3)
  An orc (D:5)
  5 endoplasms
  6 giant cockroaches
  3 goblins
  2 hobgoblins
  11 jackals
  A kobold (D:1)
  2 quokkas
  4 ball pythons
  4 bats
  2 frilled lizards (D:2)
  4 rats
55 creatures vanquished.

Notes
Turn   | Place    | Note
-------+----------+-------------------------------------------
     0 | D:1      | Pflapjack the Felid Berserker began the quest for the Orb.
     0 | D:1      | Reached XP level 1. HP: 10/10 MP: 2/2
    67 | D:2      | Reached XP level 2. HP: 14/14 MP: 3/3
   241 | D:2      | Found a faded altar of an unknown god.
   340 | D:1      | Reached ** piety under Trog
   341 | D:1      | Reached XP level 3. HP: 14/17 MP: 4/4
   890 | D:3      | Reached skill level 5 in Dodging
   951 | D:3      | Reached XP level 4. HP: 19/21 MP: 5/5
  1041 | D:5      | Entered Level 5 of the Dungeon
  1070 | D:5      | Noticed a gnoll sergeant
  1071 | D:5      | Reached *** piety under Trog
  1075 | D:5      | Slain by a gnoll
  1085 | D:5      | Killed from afar by an orc priest
  1093 | D:5      | Found a staircase to the Ecumenical Temple.
  1113 | D:5      | Reached XP level 5. HP: 19/24 MP: 6/6
  1134 | D:5      | Found a broken altar of Ashenzari.
  1220 | D:5      | Noticed a water moccasin
  1231 | D:5      | Slain by an orc

Illustrated notes

Levels and vault maps discovered:
D:1:      spicycebolla_arrival_xxxplode, layout_rooms, serial_forest,
          infiniplex_forest_fountain, infiniplex_forest_join,
          infiniplex_forest_lined_room_, infiniplex_forest_pool,
          infiniplex_forest_clump_small, infiniplex_forest_lined_room_
D:2:      layout_loops_ring, shapermc_ecumenical_altar_pompeii
D:3:      layout_loops_corners, mainiacjoe_overflow_concentric_impassable,
          uniq_jessica
D:4:      layout_cave_pools, uniq_natasha
D:5:      layout_cave_pools, mainiacjoe_overflow_tiny_flanked,
          minmay_temple_entry_arrows

Skill      XL: |  1  2  3 |
---------------+----------+-----
Dodging        | 5 |  5.4
Unarmed Combat | 4 |  4.9
Fighting       | |  3.4
Stealth        | |  0.4

Action                     |  1- 3 |  4- 6 || total
---------------------------+-------+-------++-------
  Melee: Unarmed           |   117 |    60 ||   177
         Bite              |    10 |     7 ||    17
         Punch             |       |     1 ||     1
    Use: Potion            |     2 |     2 ||     4
         Scroll            |     1 |       ||     1
 Armour: Skin              |    21 |    17 ||    38
  Dodge: Dodged            |    99 |    56 ||   155

Table legend: (Time is in decaauts)
 A = Elapsed time spent in this place.
 B = Non-inter-level travel time spent in this place.
 C = Inter-level travel time spent in this place.
 D = Time resting spent in this place.
 E = Time spent auto-exploring this place.
 F = Levels seen in this place.
 G = Mean time per level.
                   A        B        C        D        E       F      G
               +--------+--------+--------+--------+--------+-----+--------+
         Total |   1028 |    414 |    614 |      0 |      0 |   5 |  205.6 |
       Dungeon |   1028 |    414 |    614 |      0 |      0 |   5 |  205.6 |
               +--------+--------+--------+--------+--------+-----+--------+

Top non-repeatable levels by time:
     D:1: 347 daAuts
     D:2: 337 daAuts
     D:5: 158 daAuts
     D:3: 116 daAuts
     D:4: 68 daAuts
